AoeStats
← Javi Radical692

Pilgrims

509675890Analyzed
3v3 RM · 4d ago on Sep 27, 2026· 158m 12s· 6 players
Game mode
Random Map
Map size
Normal (6 player)
Population
200
Speed
Normal
Resources
Standard
Victory
Conquest
Starting age
Dark Age
Ending age
Imperial Age
RankedLock teamsTeams togetherTeam positionsShared explorationLock speedFull tech treeHidden civsTurbo modeCheats
Victory
Defeat
🇹🇷 Spanish · Türkiye
763
+33
🇹🇷 Italians · Türkiye
718
+26
🇹🇷 Turks · Türkiye
611
+20
🇨🇳 Japanese · China
760
-29
🇨🇱 Britons · Chile
741
-18
🇹🇷 Aztecs · Türkiye
680
-15
SoCanBrook
5:44 Loom
15:46 Feudal Age
17:09 Wheelbarrow
19:29 Bloodlines
19:33 Fishing Lines
23:35 Double-Bit Axe
24:34 Horse Collar
41:30 Castle Age
41:48 Arson
43:49 Medium Warships
43:01 Demolition Ship
53:18 Squires
52:41 Man-at-Arms
58:10 Husbandry
63:15 Gillnets
65:48 Heavy Plow
79:20 Hand Cart
81:36 Imperial Age
80:00 Sipahi
86:13 Conscription
85:54 Artillery
86:29 Hoardings
85:26 Sappers
85:37 Cavalier
87:03 Heavy Warships
85:59 Heavy Demolition Ship
89:21 Siphons
89:37 Shipwright
89:29 Careening
92:43 Capped Ram
97:16 Elite Janissary
108:19 Parthian Tactics
108:02 Scale Barding Armor
108:08 Forging
107:59 Scale Mail Armor
108:01 Padded Archer Armor
107:52 Fletching
109:36 Siege Ram
111:11 Elite Cannon Galleon
123:09 Treadmill Crane
123:49 Bombard Tower
123:15 Arrowslits
123:21 Heated Shot
132:18 Ballistics
132:10 Masonry
132:42 Iron Casting
fekurnaz
6:23 Loom
14:52 Feudal Age
17:08 Horse Collar
17:18 Double-Bit Axe
23:02 Bloodlines
27:08 Castle Age
26:13 Stone Mining
31:13 Stone Shaft Mining
32:46 Town Watch
36:00 Gold Mining
43:59 Gambesons
47:52 Husbandry
48:04 Bloodlines
51:42 Imperial Age
50:02 Wheelbarrow
NazguL
12:43 Feudal Age
13:11 Loom
13:11 Fishing Lines
13:44 Double-Bit Axe
22:09 Castle Age
20:22 Fletching
23:01 Bow Saw
23:19 Medium Warships
23:02 Gillnets
25:21 Siphons
25:44 Clinker Construction
25:47 Careening
26:13 Stone Mining
26:38 Bodkin Arrow
26:40 Gold Mining
29:08 Coinage
30:04 Ballistics
29:51 Padded Archer Armor
30:32 Silk Road
30:34 Town Watch
31:26 Wheelbarrow
36:25 Light Cavalry
37:07 Husbandry
38:41 Hand Cart
38:25 Herbal Medicine
39:05 Ballistics
41:35 Bloodlines
41:46 Treadmill Crane
42:17 Masonry
42:16 Thumb Ring
46:57 Imperial Age
48:01 Bracer
48:16 Leather Archer Armor
49:09 Chemistry
48:39 Conscription
49:52 Forging
49:43 Scale Mail Armor
50:58 Hoardings
51:13 Architecture
51:25 Cavalier
54:44 Ring Archer Armor
54:50 Iron Casting
54:30 Chain Mail Armor
54:21 Scale Barding Armor
62:43 Elite Cannon Galleon
65:27 Banking
66:00 Shipwright
66:04 Dry Dock
68:01 Carvel Hull
69:12 Squires
68:58 Arson
70:09 Guilds
69:29 Hussar
71:19 Blast Furnace
70:40 Chain Barding Armor
75:21 Crossbowman
76:32 Pirotechnia
77:23 Arbalester
87:55 Heavy Warships
116:34 Elite Skirmisher
135:29 Town Patrol
141:09 Plate Mail Armor
141:14 Plate Barding Armor
140:38 Murder Holes
144:43 Caravan
146:51 Arrowslits
146:57 Heated Shot
147:18 Fortified Wall
147:19 Incendiaries
149:07 Fervor
149:17 Sanctity
149:00 Devotion
148:47 Hussar
gokhandg100
11:54 Feudal Age
20:33 Horse Collar
23:35 Castle Age
23:31 Forging
23:23 Scale Mail Armor
25:33 Eagle Warrior
28:58 Loom
33:08 Iron Casting
35:47 Imperial Age
33:42 Double-Bit Axe
34:17 Chain Mail Armor
34:04 Heavy Plow
34:28 Pikeman
35:09 Squires
34:55 Arson
36:46 Elite Eagle Warrior
42:16 Wheelbarrow
44:00 Atlatl
44:38 Plate Mail Armor
45:09 Blast Furnace
49:08 Hand Cart
50:51 Elite Jaguar Warrior
59:23 Crop Rotation
59:05 Bow Saw
58:48 Fletching
58:59 Padded Archer Armor
87:32 Capped Ram
104:03 Chemistry
105:47 Siege Ram
115:14 Man-at-Arms
115:40 Gambesons
115:54 Bodkin Arrow
0xANGEK
11:39 Feudal Age
14:18 Fishing Lines
17:22 Padded Archer Armor
20:15 Castle Age
21:43 Double-Bit Axe
22:23 Medium Warships
26:21 Wheelbarrow
27:37 Hand Cart
30:29 Gillnets
31:17 Bow Saw
32:22 Leather Archer Armor
32:13 Town Watch
33:34 Squires
32:56 Pikeman
33:33 Horse Collar
38:07 Arson
38:15 Gambesons
44:39 Imperial Age
45:38 Scale Mail Armor
45:51 Forging
53:07 Two-Man Saw
53:30 Halberdier
89:37 Loom
103:05 Town Patrol
104:01 Heavy Plow
109:47 Ballistics
110:30 Chemistry
109:17 Treadmill Crane
110:21 Siege Engineers
117:33 Ring Archer Armor
117:20 Chain Mail Armor
117:42 Iron Casting
117:01 Fletching
128:48 Thumb Ring
134:13 Blast Furnace
133:44 Plate Mail Armor
133:21 Scale Barding Armor
132:44 Cavalier
133:27 Husbandry
133:38 Bloodlines
145:06 Light Cavalry
Javi Radical692
14:02 Feudal Age
14:11 Man-at-Arms
15:09 Double-Bit Axe
23:20 Wheelbarrow
23:30 Stone Mining
28:56 Castle Age
27:39 Gold Mining
28:03 Padded Archer Armor
27:54 Fletching
29:26 Town Watch
29:43 Pikeman
31:24 Bodkin Arrow
32:24 Leather Archer Armor
34:23 Bow Saw
38:43 Gold Shaft Mining
40:29 Murder Holes
40:51 Squires
41:10 Scale Mail Armor
41:21 Forging
41:35 Ballistics
45:54 Imperial Age
43:06 Treadmill Crane
44:04 Iron Casting
45:36 Yeomen
52:22 Chemistry
51:14 Halberdier
52:17 Conscription
52:49 Bracer
55:26 Two-Man Saw
58:16 Horse Collar
60:18 Chain Mail Armor
60:54 Elite Longbowman
69:27 Siege Engineers
76:20 Caravan
77:05 Hand Cart
77:23 Plate Mail Armor
78:15 Ring Archer Armor
80:40 Demolition Ship
81:33 Medium Warships
82:44 Heavy Warships
81:42 Demolition Ship
86:56 Careening
87:16 Clinker Construction
87:45 Siphons
89:33 Shipwright
89:35 Carvel Hull
96:26 Blast Furnace
109:07 Town Patrol
Connection lost

Rejoining the realm…

Still unreachable

The connection could not be restored.

Session expired

The server has moved on; the page needs a fresh start.